 Dungeon Sprint DCSS version 0.24-a0-581-gc0fa660 (webtiles) character file.

Game seed: 1877648968068774673

12471 Faca the Warrior (level 12, -12/113 HPs)
             Began as a Formicid Fighter on Aug 22, 2019.
             Was the Champion of Makhleb.
             Killed by nerve-wracking pain
             ... invoked by a hell knight
              (13 damage)
             ... in the Dungeon (Sprint V: "Ziggurat Sprint").
             The game lasted 00:08:46 (772 turns).

Faca the Warrior (Formicid Fighter)                  Turns: 772, Time: 00:08:47

Health: -12/113    AC: 25    Str: 30 (31) XL:     12   Next: 20%
Magic:  18/18      EV:  9    Int:  8      God:    Makhleb [******]
Gold:   0          SH: 24    Dex: 15 (16) Spells: 11/11 levels left

rFire    . . .     SeeInvis +   b - +5 battleaxe
rCold    . . .     Gourm    .   F - +3 large shield
rNeg     . . .     Faith    .   I - +5 storm dragon scales
rPois    +         Spirit   .   (helmet unavailable)
rElec    +         Reflect  .   (no cloak)
rCorr    .         Harm     .   N - +2 pair of gloves {archery}
MR       +....                  (no boots)
Stlth    ..........             L - amulet "Qeas" {Acrobat +Inv Slay+2}
HPRegen  0.28/turn              O - ring of Fimaemp {*Contam +Fly rPois Str+7}
MPRegen  0.16/turn              w - +6 ring of dexterity

@: no status effects
A: permanent stasis, dig shafts and tunnels, four strong arms, antennae 3,
deterioration 1, weak 1, no potion heal 1
a: Dig, Minor Destruction, Lesser Servant of Makhleb, Major Destruction, Greater
Servant of Makhleb, Renounce Religion, Evoke Invisibility, Evoke Flight


You were in the Dungeon.
You worshipped Makhleb.
Makhleb was exalted by your worship.
You were not hungry.

You visited 1 branch

Inventory:

Hand Weapons
 a - the +6 morningstar "Neduj" {drain, +Blink +Fly}
   (You found it in the Dungeon)

   A truly terrible weapon, it drains the life of those it strikes.
   It lets you fly.
   It lets you blink.
 b - a +5 battleaxe (weapon)
 j - a +2 hand axe of flaming
 J - a +5 executioner's axe of freezing
Armour
 F - a +3 large shield (worn)
 H - +5 gold dragon scales
 I - +5 storm dragon scales (worn)
 N - a +2 pair of gloves of archery (worn)
Jewellery
 h - the ring of Piwouwosi {rF+ AC+6 Int+2}
   (You found it in the Dungeon)

   [ring of protection]

   It affects your AC (+6).
   It affects your intelligence (+2).
   It protects you from fire.
 k - a +2 amulet of reflection
 w - a +6 ring of dexterity (right hand)
 z - a +6 ring of intelligence
 L - the amulet "Qeas" (around neck) {Acrobat +Inv Slay+2}
   (You found it in the Dungeon)

   [amulet of the acrobat]

   It helps you evade while moving and waiting.
   It affects your accuracy and damage with ranged weapons and melee attacks
   (+2).
   It lets you turn invisible.
 O - the ring of Fimaemp (left hand) {*Contam +Fly rPois Str+7}
   (You found it in the Dungeon)

   [ring of flight]

   It affects your strength (+7).
   It protects you from poison.
   It lets you fly.
   It causes magical contamination when unequipped.
Wands
 C - a wand of disintegration (7)
 D - a wand of iceblast (7)
 E - a wand of acid (7)
Scrolls
 o - 4 scrolls of amnesia
 q - 6 scrolls of fog
 r - a scroll of holy word
 s - 5 scrolls of identify
 t - 5 scrolls of remove curse
 u - 2 scrolls of fear
Potions
 d - 6 potions of might
 e - 9 potions of curing
 g - 6 potions of heal wounds
 i - 7 potions of magic
 l - 2 potions of brilliance
 m - 2 potions of invisibility
 n - 4 potions of resistance
 p - 6 potions of agility
Comestibles
 f - 7 rations


   Skills:
 - Level 16.7 Fighting
 + Level 16.7 Axes
 - Level 15.4 Armour
 - Level 14.0 Shields
 + Level 8.2 Invocations


You had 11 spell levels left.
You didn't know any spells.
Your spell library contained the following spells:

 Spells                   Type           Power        Failure   Level  Hunger
 Infusion                 Chrm           #...         86%         1    ##.....
 Magic Dart               Conj           #...         86%         1    ##.....
 Summon Butterflies       Summ           #.......     86%         1    ##.....
 Call Imp                 Summ           #.......     94%         2    ###....
 Slow                     Hex            #.......     94%         2    ###....
 Song of Slaying          Chrm           #.......     94%         2    ###....
 Call Canine Familiar     Summ           #.......     99%         3    ####...
 Conjure Flame            Conj/Fire      #.......     99%         3    ####...
 Mephitic Cloud           Conj/Pois/Air  #.......     99%         3    ####...
 Sticky Flame             Conj/Fire      #.......     100%        4    #####..
 Summon Ice Beast         Ice/Summ       #.......     100%        4    #####..
 Summon Mana Viper        Hex/Summ       #.......     100%        5    ######.
 Summon Hydra             Summ           #.........   100%        7    #######
 Blink                    Tloc           Unusable     N/A         2    N/A

Dungeon Overview and Level Annotations

Branches:
Dungeon (1/1)

Altars:
Ashenzari
Cheibriados
Dithmenos
Elyvilon
Fedhas
Gozag
Hepliaklqana
Kikubaaqudgha
Makhleb
Nemelex Xobeh
Okawaru
Qazlal
Ru
Sif Muna
Trog
Uskayaw
Vehumet
Wu Jian
Xom
Yredelemnul
Zin
The Shining One
Beogh
Jiyva
Lugonu


Innate Abilities, Weirdness & Mutations

You cannot be hasted, slowed, berserked, paralysed or teleported.
You can dig through walls and to a lower floor.
Your four strong arms can wield two-handed weapons with a shield.
You have a pair of large antennae on your head. (SInv)
Your body sometimes deteriorates upon taking damage.
You are weak. (Str -2)
Potions are less effective at restoring your health.


Message History

Something smites you!
* * * LOW HITPOINT WARNING * * *
You block the quokka skeleton's attack.
The hell knight gestures at you while chanting.
The puff of flame hits you but does no damage.
Your system partially rejects the healing.
You feel much better. You block the fire bat's attack.
The tormentor gestures at you. Pain shoots through your body!
* * * LOW HITPOINT WARNING * * *
You block the balrug's attack. The shadow completely misses you.
The quokka skeleton misses you. You block the fire bat's attack.
The tormentor hits you.
* * * LOW HITPOINT WARNING * * *
You writhe in agony.
* * * LOW HITPOINT WARNING * * *
The tormentor hits you but does no damage.
The hell knight gestures at you while chanting.
Pain shoots through your body!
You die...

▓...8©8...▓ {{
▓.."))[}..▓...})))..▓
{
▓..)))}:..▓...|})}..▓
▓.........▓.........▓
▓.........▓.........▓
▓.........▓.........▓
▓....2....▓.........▓
▓...2p2...▓.▓..†..▓.▓
▓.▓.b@Z.▓.▓...†©....▓
▓...W©....▓▓▓▓▓▓▓▓▓▓▓
▓▓▓▓▓▓▓▓▓▓▓


{{{{{{{{ {{{{{{{{{ {{{{{{{{{{{{{{{{{{ {{{{{{{{{{{{{{{{{{ {{{{{ You could see 2
balrugs, a hell knight, a tormentor, a shadow (invisible), a fire bat and a
quokka skeleton.

Vanquished Creatures
  A deep elf annihilator (D)
  A yellow draconian (D)
  A two-headed ogre (D)
  2 dancing weapons (D)
  A fire crab (shapeshifter) (D)
  A harpy (shapeshifter) (D)
  2 deep elf archers (D)
  2 cyclopes (D)
  An ugly thing (D)
  2 deep elf magi (D)
  A salamander (shapeshifter) (D)
  6 draconians (D)
  A slime creature (D)
  A large abomination (D)
  A spriggan (shapeshifter) (D)
  4 neqoxecs (D)
  A floating eye (D)
  4 hell hounds (D)
  A necrophage (D)
  A boggart (shapeshifter) (D)
  3 ogres (D)
  A phantom (D)
  A wolf (D)
  4 scorpions (D)
  2 wights (D)
  A quasit (D)
  2 iron imps (D)
  A jelly (D)
  A river rat (D)
  A shadow imp (D)
  An ufetubus (D)
  An adder skeleton (D)
  A bat skeleton (D)
  A giant cockroach zombie (D)
  A jackal zombie (D)
57 creatures vanquished.

Notes
Turn   | Place    | Note
-------+----------+-------------------------------------------
     0 | D        | Faca the Formicid Fighter began the quest for the Orb.
     0 | D        | Reached XP level 1. HP: 18/18 MP: 1/1
     0 | D        | Found a shimmering blue altar of Sif Muna.
     0 | D        | Found a bloodstained altar of Trog.
     0 | D        | Found a sacrificial altar of Ru.
     0 | D        | Found a stormy altar of Qazlal.
     0 | D        | Found an iron altar of Okawaru.
     1 | D        | Found a sparkling altar of Nemelex Xobeh.
     1 | D        | Found a blossoming altar of Fedhas.
     2 | D        | Found the +6 Majin-Bo {vamp, Archmagi MP+6 Int+6}
     2 | D        | Found the +7 great mace "Firestarter" {inner flame, rF++}
     3 | D        | Reached XP level 2. HP: 24/24 MP: 2/2
     4 | D        | Found a transporter.
     4 | D        | Found an ancient bone altar of Kikubaaqudgha.
     4 | D        | Found a viscous altar of Jiyva.
     4 | D        | Found a corrupted altar of Lugonu.
     4 | D        | Found a hazy altar of Hepliaklqana.
     4 | D        | Found a burning altar of Makhleb.
     4 | D        | Found an opulent altar of Gozag.
    56 | D        | Found the +9 heavy crossbow "Sniper" {velocity, Acc+∞ SInv}
    56 | D        | Found the +10 dark maul {crush}
    56 | D        | Found the +15 Maxwell's patent armour {-Cast -Tele rElec
                  | MR+ rCorr}
    56 | D        | Found the +18 shield of the Gong {rElec rN+ MR+ EV-5}
    56 | D        | Found the cursed +14 obsidian axe {chop, +Fly SInv *Curse}
    57 | D        | Found the +6 shillelagh "Devastator" {shatter}
    57 | D        | Found the +11 plutonium sword {*Contam Stlth-}
    57 | D        | Found the +8 lance "Wyrmbane" {slay drac, rPois rF+ rC+
                  | AC+3}
    57 | D        | Found the +9 sword of Zonguldrok {reap}
    57 | D        | Found the cursed +13 scythe of Curses {drain, *Curse}
    57 | D        | Found the +0 sword of Power
    57 | D        | Found the +7 mace of Variability {chain chaos}
    57 | D        | Found the +7 Singing Sword {slice, sonic wave}
    57 | D        | Found the +8 storm bow {elec, penet}
    59 | D        | Became a worshipper of Makhleb the Destroyer
    81 | D        | Entered arena 2.
    81 | D        | Noticed a wolf
    81 | D        | Found a transporter.
    84 | D        | Killed a wolf
    84 | D        | Reached XP level 3. HP: 34/34 MP: 3/3
    84 | D        | Reached XP level 4. HP: 40/40 MP: 4/4
    93 | D        | Entered arena 3.
    93 | D        | Noticed a slime creature
    93 | D        | Noticed a floating eye
    93 | D        | Found a transporter.
    97 | D        | Killed a floating eye
    97 | D        | Reached * piety under Makhleb
    97 | D        | Reached skill level 10 in Axes
    97 | D        | Reached XP level 5. HP: 49/49 MP: 5/5
    97 | D        | Reached XP level 6. HP: 56/56 MP: 6/6
   102 | D        | Killed a slime creature
   102 | D        | Reached skill level 10 in Fighting
   102 | D        | Reached XP level 7. HP: 53/66 MP: 7/7
   164 | D        | Entered arena 4.
   164 | D        | Found a transporter.
   167 | D        | Reached ** piety under Makhleb
   181 | D        | Got the +6 morningstar "Neduj" {drain, +Blink +Fly}
   183 | D        | Entered arena 5.
   183 | D        | Found a transporter.
   185 | D        | Reached *** piety under Makhleb
   189 | D        | Reached XP level 8. HP: 76/76 MP: 8/8
   203 | D        | Entered arena 6.
   203 | D        | Found a transporter.
   204 | D        | Reached **** piety under Makhleb
   205 | D        | Reached skill level 5 in Armour
   211 | D        | Reached ***** piety under Makhleb
   211 | D        | Reached skill level 5 in Shields
   219 | D        | Got the cursed ring of Law {rElec Dex-3}
   224 | D        | Entered arena 7.
   224 | D        | Noticed a large abomination
   236 | D        | Killed a large abomination
   236 | D        | Reached XP level 9. HP: 46/84 MP: 9/9
   238 | D        | Found a transporter.
   244 | D        | Got the amulet "Qeas" {Acrobat +Inv Slay+2}
   246 | D        | Got the ring of Naaclarran {rPois rF+ rN+ MR- Slay+3}
   382 | D        | Entered arena 8.
   382 | D        | Noticed a cyclops
   382 | D        | Noticed a cyclops
   382 | D        | Noticed a two-headed ogre
   385 | D        | Found a transporter.
   391 | D        | Reached ****** piety under Makhleb
   395 | D        | Killed a two-headed ogre
   395 | D        | Reached skill level 10 in Armour
   399 | D        | Killed a cyclops
   404 | D        | Killed a cyclops
   404 | D        | Reached XP level 10. HP: 78/94 MP: 10/10
   413 | D        | Got the ring of Fimaemp {*Contam +Fly rPois Str+7}
   480 | D        | Entered arena 9.
   480 | D        | Noticed a draconian
   480 | D        | Noticed a draconian
   480 | D        | Noticed a draconian
   480 | D        | Noticed a draconian
   480 | D        | Noticed a yellow draconian
   480 | D        | Noticed a draconian
   480 | D        | Noticed a draconian
   484 | D        | Found a transporter.
   494 | D        | Killed a draconian
   494 | D        | Reached skill level 10 in Shields
   497 | D        | Killed a draconian
   499 | D        | Killed a draconian
   499 | D        | Reached skill level 15 in Axes
   500 | D        | Killed a yellow draconian
   500 | D        | Reached skill level 15 in Fighting
   502 | D        | Killed a draconian
   504 | D        | Killed a draconian
   504 | D        | Reached XP level 11. HP: 102/102 MP: 11/11
   510 | D        | Killed a draconian
   522 | D        | Got the ring of Piwouwosi {rF+ AC+6 Int+2}
   525 | D        | Got Roymuguss's Disquisition on Helpful Ignition
   539 | D        | Entered arena 10.
   539 | D        | Noticed a deep elf annihilator
   539 | D        | Noticed a +4 mace of crushing
   539 | D        | Noticed a salamander
   539 | D        | Noticed a deep elf mage
   539 | D        | Noticed a deep elf mage
   539 | D        | Noticed a deep elf archer
   539 | D        | Noticed a deep elf archer
   539 | D        | Noticed a +0 war axe of venom
   545 | D        | Killed a +0 war axe of venom
   545 | D        | Killed a deep elf mage
   551 | D        | Killed a salamander
   551 | D        | Killed a +4 mace of crushing
   556 | D        | Killed a deep elf archer
   563 | D        | Killed a deep elf mage
   563 | D        | Reached skill level 5 in Invocations
   566 | D        | Found a transporter.
   571 | D        | Killed a deep elf annihilator
   582 | D        | Killed a deep elf archer
   582 | D        | Reached skill level 15 in Armour
   596 | D        | Got the ring of Biank {+Blink MP+9 AC+1 Str+2 Dex+2}
   599 | D        | Got the +5 shield "Rennix" {+Inv Str+4}
   625 | D        | Entered arena 11.
   625 | D        | Noticed a harpy
   625 | D        | Noticed a green ugly thing
   625 | D        | Noticed a fire crab
   625 | D        | Noticed a harpy
   625 | D        | Gained mutation: You are weak. (Str -2) [a neqoxec]
   632 | D        | Killed a fire crab
   632 | D        | Reached XP level 12. HP: 113/113 MP: 15/17
   638 | D        | Gained mutation: Potions are less effective at restoring
                  | your health. [a neqoxec]
   639 | D        | Gained mutation: Your body sometimes deteriorates upon
                  | taking damage. [a neqoxec]
   646 | D        | Found a transporter.
   759 | D        | Entered arena 12.
   759 | D        | Noticed a balrug
   759 | D        | Noticed a hell knight
   760 | D        | Identified the +9 dagger "Ycenur" {flame, *Contam rElec
                  | rN+++ Int-5}
   760 | D        | Noticed a balrug
   769 | D        | HP: 5/113 [hell knight/nerve-wracking pain (13)]
   771 | D        | HP: 1/113 [balrug/divine providence (17)]
   772 | D        | Killed from afar by a hell knight

Levels and vault maps discovered:
D:        sprint_v [room_start, room_1, room_2, room_3, room_4, room_5, room_6,
          room_7, room_8, room_9, room_10, room_11, room_12, room_13, room_14,
          room_15, room_16, room_17, room_18, room_19, room_20, room_21,
          room_22, room_23, room_24, room_25, room_26, room_27]

Skill      XL: |  1  2  3  4  5  6  7  8  9 10 11 12 |
---------------+-------------------------------------+-----
Axes           | 7 9 10 11 12 13 14 15 16 | 16.7
Fighting       | 6 8 10 11 12 14 15 16 | 16.7
Armour         | 7 11 13 15 | 15.4
Shields        | 6 9 11 13 14 | 14.0
Invocations    | 7 8 |  8.2

Action                   |  1- 3 |  4- 6 |  7- 9 | 10-12 || total
-------------------------+-------+-------+-------+-------++-------
Melee: Broad axe         |     3 |     7 |    47 |    49 ||   106
       Battleaxe         |       |       |       |    25 ||    25
  Use: Potion            |     1 |       |       |     5 ||     6
       Scroll            |       |       |       |     2 ||     2
Armor: Storm dragon scal |     3 |     4 |    25 |    49 ||    81
Dodge: Dodged            |       |     1 |     6 |    37 ||    44
Block: Shield            |     1 |     5 |    30 |    27 ||    63
       Large shield      |       |       |       |    80 ||    80

Table legend:
 A = Non-vault XP
 B = Vault XP
 C = Vault XP percentage of total XP
 D = Non-vault monster count
 E = Vault monster count
 F = Vault count percentage of total count
                 A         B        C        D         E       F
            +---------+---------+-------+---------+---------+-------
      Total |       0 |   17807 | 100.0 |       0 |      57 | 100.0
            +---------+---------+-------+---------+---------+-------
          D |       0 |   17807 | 100.0 |       0 |      57 | 100.0
            +---------+---------+-------+---------+---------+-------
